 Dungeon Crawl Stone Soup version 0.28-a0-687-gb91baff9cc (webtiles) character file.

Game seed: 12707298604246898890

29 freelancePsychic the Sneak (level 3, -1/14 HPs)
             Began as a Felid Earth Elementalist on Oct 20, 2021.
             Slain by a jackal (2 damage)
             ... on level 1 of the Dungeon.
             The game lasted 00:01:58 (794 turns).

freelancePsychic the Sneak (FeEE)                    Turns: 794, Time: 00:01:59

Health: -1/14      AC:  1    Str:  4    XL:     3   Next: 1%
Magic:  1/7        EV: 17    Int: 17    God:
Gold:   19         SH:  0    Dex: 16    Spells: 5/6 levels left
                                        Lives:  0   Deaths: 0

rFire   . . .      SeeInvis +   (weapon unavailable)
rCold   . . .      Faith    .   (shield unavailable)
rNeg    . . .      Spirit   .   (armour unavailable)
rPois   .          Reflect  .   (helmet unavailable)
rElec   .          Harm     .   (cloak unavailable)
rCorr   .          Rampage  .   (gloves unavailable)
Will    .....                   (boots unavailable)
Stlth   +++.......              (no amulet)
HPRegen 0.04/turn               (no ring)
MPRegen 0.10/turn               (no ring)

@: quick
A: very small, claws 1, fangs 3, see invisible, speed 1, shaggy fur 1, stealthy
paws, no weapons or thrown items, no armour, multi-lived
a: no special abilities


You were on level 1 of the Dungeon.
You visited 1 branch of the dungeon, and saw 1 of its levels.

You collected 19 gold pieces.

Inventory:

Missiles
 b - 6 stones
Potions
 a - a potion of attraction {unknown}


   Skills:
 - Level 2.6 Dodging
 + Level 3.6 Stealth
 - Level 2.0 Spellcasting
 + Level 1.2 Conjurations
 - Level 1.1 Transmutations
 + Level 3.1 Earth Magic


You had 5 spell levels left.
You knew the following spells:

 Your Spells              Type           Power      Damage    Failure   Level
a - Sandblast             Erth           24%        2d8       5%          1

Your spell library contained the following spells:

 Spells                   Type           Power      Damage    Failure   Level
 Passwall                 Tmut/Erth      6%         N/A       12%         2
 Stone Arrow              Conj/Erth      18%        3d8       24%         3
 Petrify                  Tmut/Erth      8%         N/A       63%         4


Dungeon Overview and Level Annotations

Branches:
Dungeon (1/15)

Altars:

Shops:
D:1 *


Innate Abilities, Weirdness & Mutations

You have sharp claws.
You have razor-sharp teeth.
You have supernaturally acute eyesight. (SInv)
You cover ground quickly. (Speed+)
You are covered in fur. (AC +1)
Your paws help you pounce on unaware monsters.
You are incapable of wielding weapons or throwing items.
You cannot wear armour.
You gain extra lives every three experience levels.


Message History

You are too injured to fight recklessly!
You are too injured to fight recklessly!
You are too injured to fight recklessly!
You are too injured to fight recklessly!
You are too injured to fight recklessly!
You are too injured to fight recklessly!
You are too injured to fight recklessly!
You are too injured to fight recklessly!
You are too injured to fight recklessly!
You are too injured to fight recklessly!
You are too injured to fight recklessly!
You are too injured to fight recklessly!
You are too injured to fight recklessly!
You are too injured to fight recklessly!
You are too injured to fight recklessly!
You are too injured to fight recklessly!
You are too injured to fight recklessly!
You scratch the jackal but do no damage.
The jackal is severely wounded.
The jackal misses you. x3
You scratch the jackal.
You kill the jackal!
The jackal bites you. x2
* * * LOW HITPOINT WARNING * * *
You have reached level 3!
Your experience leads to an increase in your attributes!
Increase (S)trength, (I)ntelligence, or (D)exterity?
You feel clever.
You scratch the jackal.
The jackal is severely wounded.
The jackal barely misses you.
You closely miss the jackal.
The jackal is severely wounded.
The jackal completely misses you.
You scratch the jackal.
The jackal is almost dead.
The jackal bites you.
* * * LOW HITPOINT WARNING * * *
The jackal bites you.
You die...

#.....#######.####.#####.####.
#.###..............÷.....)....
#.# #######........###.#.#.#..
#.# ##...##### #.#.#.#.. #†#
##.## #.#...... #.# #.#
#.##....# #.#### #.# #.##....#
#....# ##h## #.##.##.# ####.#
##.@†## #.......# ##.#
##.....## ####.#### ##..#
##.......## ##.#.#
#####...####.........####....#
.........†.'.........+.......#
#####...####.........####.)..#
##..# ##.......###......#
#...# ##.....## #......# ##.##
##...## #......#


You could see a jackal.

Vanquished Creatures
  A gnoll (D:1)
  A ball python (D:1)
  2 hobgoblins (D:1)
  3 jackals (D:1)
  3 quokkas (D:1)
  3 bats (D:1)
  3 goblins (D:1)
  A kobold (D:1)
  A rat (D:1)
18 creatures vanquished.

Notes
Turn   | Place    | Note
-------+----------+-------------------------------------------
     0 | D:1      | freelancePsychic the Felid Earth Elementalist began the
                  | quest for the Orb.
     0 | D:1      | Reached XP level 1. HP: 7/7 MP: 4/4
    70 | D:1      | Found Baedghili's Assorted Antiques.
   456 | D:1      | Reached XP level 2. HP: 6/11 MP: 4/6
   616 | D:1      | Reached skill level 1 in Conjurations
   792 | D:1      | Reached XP level 3. HP: 4/14 MP: 1/7
   794 | D:1      | Slain by a jackal

Illustrated notes

Levels and vault maps discovered:
D:1:      wander_arrival_desolate, layout_loops_corners, serial_shops,
          nicolae_shop_temple_entry_statues_fountains

Skill      XL: |  1  2 |
---------------+-------+-----
Stealth        | 3 |  3.6
Conjurations   | 1 |  1.2
Earth Magic    | 3 |  3.1
Dodging        | |  2.6
Spellcasting   | |  2.0
Transmutations | |  1.1

Action                   || total
-------------------------++-------
Melee: Unarmed           ||    39
       Bite              ||     2
 Cast: Sandblast         ||    24
 Stab: Sleeping          ||     2
Armor: Skin              ||     6
Dodge: Dodged            ||    46

Table legend: (Time is in decaauts)
 A = Elapsed time spent in this place.
 B = Non-inter-level travel time spent in this place.
 C = Inter-level travel time spent in this place.
 D = Time resting spent in this place.
 E = Time spent auto-exploring this place.
 F = Levels seen in this place.
 G = Mean time per level.
                   A        B        C        D        E       F      G
               +--------+--------+--------+--------+--------+-----+--------+
         Total |    731 |    731 |      0 |      0 |    622 |   1 |  731.0 |
       Dungeon |    731 |    731 |      0 |      0 |    622 |   1 |  731.0 |
               +--------+--------+--------+--------+--------+-----+--------+

Top non-repeatable levels by time:
     D:1: 731 daAuts
